cohdb
Replays
Latest Replays
All Replays
Popular Replays
Top Player Replays
Match Explorer
How It Works
Community
CoH3 Stats
Reddit
Sign in to upload your games and track your stats! →
Sign in with Steam
Match 47373691
Unlisted
Match 47373691
Overview
Messages
Build Orders
End
Panzerpioneer Squad
Selects Italian Combined Arms Battlegroup
Selects Bersaglieri Squad
Bersaglieri Squad
Bersaglieri Squad
Construct Light Support Kompanie
Selects Bersaglieri Bolster
Bersaglieri Squad
Fire Support Elements
Flakvierling Half-track
2.5-tonne Medical Truck
Tungsten Core Ammunition
Vehicle Survival Package
Selects Breda Model 30 Light Machine Guns
Qhunter
frostie
dobRi3000
NanoLoki
ILuvSilicon
Cuttysark
0
0
Comments
sign in to comment!
No comments posted yet!